 Dungeon Crawl Stone Soup version 0.31-a0-102-g33a4ccc0cb (webtiles) character file.

Game seed: 12908682434928666223

1520 Chodeload the Chiller (level 8, -2/44 HPs)
             Began as a Deep Elf Wanderer on May 27, 2023.
             Was a Follower of Vehumet.
             Slain by a two-headed ogre
             ... wielding a +0 giant spiked club
              (29 damage)
             ... on level 8 of the Dungeon.
             The game lasted 00:30:19 (4950 turns).

Chodeload the Chiller (Deep Elf Wanderer)           Turns: 4950, Time: 00:30:20

Health: -2/44      AC:  4    Str:  7    XL:     8   Next: 54%
Magic:  4/19       EV: 13    Int: 22    God:    Vehumet [*.....]
Gold:   318        SH:  0    Dex: 14    Spells: 12/19 levels left

rFire   . . .        b - +2 dagger (venom)
rCold   . . .        (no shield)
rNeg    . . .        d - +0 robe
rPois   .            l - +0 helmet
rElec   .            m - +0 cloak
rCorr   .            (no gloves)
SInv    .            (no boots)
Will    .....        i - amulet of faith
Stlth   ++           (no ring)
HPRegen 0.27/turn    (no ring)
MPRegen 0.16/turn

%: faith
@: no status effects
A: no striking features
a: Renounce Religion


You were on level 8 of the Dungeon.
You worshipped Vehumet.
Vehumet was aware of your devotion.
You visited 2 branches of the dungeon, and saw 9 of its levels.

You collected 318 gold pieces.

Inventory:

Hand Weapons
 a - a +0 sling
 b - a +2 dagger of venom (weapon)
 c - a +2 dagger of draining
Missiles
 o - 9 poisoned darts (quivered)
Armour
 d - a +0 robe (worn)
 l - a +0 helmet (worn)
 m - a +0 cloak (worn)
Magical Staves
 q - a staff of earth
Jewellery
 i - an amulet of faith (around neck)
Wands
 r - a wand of roots (3)
 s - a wand of mindburst (22)
 D - a wand of polymorph (8)
Scrolls
 g - 5 scrolls of teleportation
 h - a scroll of enchant armour {unknown}
 j - a scroll of silence {unknown}
 k - 2 scrolls of torment {unknown}
 n - 2 scrolls of poison {unknown}
 t - 2 scrolls of butterflies {unknown}
 u - a scroll of magic mapping {unknown}
 v - 2 scrolls of brand weapon {unknown}
 w - a scroll of amnesia {unknown}
 y - a scroll of immolation {unknown}
 B - a scroll of blinking {unknown}
 C - 2 scrolls of fog
Potions
 e - a potion of attraction {unknown}
 f - 5 potions of curing
 p - 2 potions of resistance
 x - 2 potions of heal wounds
 z - 2 potions of degeneration {unknown}
 A - a potion of enlightenment {unknown}


   Skills:
 + Level 2.2 Fighting
 - Level 2.6 Ranged Weapons
 - Level 3.0 Dodging
 - Level 2.4 Stealth
 - Level 6.0 Spellcasting
 - Level 6.0 Conjurations
 + Level 3.0 Translocations
 - Level 6.0 Ice Magic
 - Level 6.0 Earth Magic


You had 12 spell levels left.
You knew the following spells:

 Your Spells              Type           Power      Damage    Failure   Level
a - Freeze                Ice            100%       1d10      1%          1
b - Hailstorm             Conj/Ice       29%        3d8       3%          3
c - Stone Arrow           Conj/Erth      58%        3d10      3%          3

Your spell library contained the following spells:

 Spells                   Type           Power      Damage    Failure   Level
 Magic Dart               Conj           100%       1d8       1%          1
 Sandblast                Erth           66%        2d15      1%          1
 Apportation              Tloc           38%        N/A       2%          1
 Passwall                 Tmut/Erth      13%        N/A       5%          2
 Necrotise                Necr           24%        1d5       9%          1
 Summon Small Mammal      Summ           24%        N/A       9%          1
 Dazzling Flash           Conj/Hex       32%        N/A       11%         3
 Iskenderun's Mystic Bla  Conj/Tloc      23%        2d6       19%         4
 Volatile Blastmotes      Fire/Tloc      18%        2d11      21%         3
 Petrify                  Tmut/Erth      16%        N/A       34%         4
 Summon Ice Beast         Ice/Summ       16%        N/A       34%         4
 Summon Guardian Golem    Hex/Summ       3%         N/A       36%         3
 Metabolic Englaciation   Hex/Ice        8%         N/A       69%         5
 Starburst                Conj/Fire      8%         6d4       99%         6
 Statue Form              Tmut/Erth      10%        N/A       99%         6
 Orb of Destruction       Conj           16%        9d7       100%        7
 Spellforged Servitor     Conj/Summ      8%         N/A       100%        7


Dungeon Overview and Level Annotations

Branches:
Dungeon (8/15)             Temple (1/1) D:6
   Lair: D:8-11

Altars:
Elyvilon
Gozag
Kikubaaqudgha
Makhleb
Nemelex Xobeh
Okawaru
Uskayaw
Vehumet
Wu Jian
Yredelemnul
Zin

Annotations:
D:4 exclusions: 2 orcs and orc priest
D:5 exclusion: 2 downstairs
D:6 exclusions: downstairs and kobold demonologist
D:7 exclusion: troll, Pikel


Message History

Casting: Freeze (safe; 1% risk of failure)
Confirm with . or Enter, or press ? or * to list all spells.
Aiming: Stone Arrow (dangerous; 3% risk of failure)
Press: ? - help, Shift-Dir - straight line, f - two-headed ogre
Aim: a two-headed ogre, wielding two +0 giant spiked clubs (86% to hit)
The stone arrow hits the two-headed ogre!
The two-headed ogre is moderately wounded.
Casting: Stone Arrow (dangerous; 3% risk of failure)
Confirm with . or Enter, or press ? or * to list all spells.
Aiming: Stone Arrow (dangerous; 3% risk of failure)
Press: ? - help, Shift-Dir - straight line, f/p - two-headed ogre
Aim: a two-headed ogre, wielding two +0 giant spiked clubs (moderately wounded, 86% to hit)
The stone arrow hits the two-headed ogre!
The two-headed ogre is heavily wounded.
Casting: Stone Arrow (dangerous; 3% risk of failure)
Confirm with . or Enter, or press ? or * to list all spells.
Aiming: Stone Arrow (dangerous; 3% risk of failure)
Press: ? - help, Shift-Dir - straight line, f/p - two-headed ogre
Aim: a two-headed ogre, wielding two +0 giant spiked clubs (heavily wounded, 86% to hit)
The stone arrow hits the two-headed ogre!
The two-headed ogre is heavily wounded.
Casting: Stone Arrow (dangerous; 3% risk of failure)
Confirm with . or Enter, or press ? or * to list all spells.
Aiming: Stone Arrow (dangerous; 3% risk of failure)
Press: ? - help, Shift-Dir - straight line, f/p - two-headed ogre
Aim: a two-headed ogre, wielding two +0 giant spiked clubs (heavily wounded, 86% to hit)
The stone arrow hits the two-headed ogre!
The two-headed ogre is severely wounded.
The two-headed ogre barely misses you.
The two-headed ogre hits you with a +0 giant spiked club!!
Casting: Stone Arrow (dangerous; 3% risk of failure)
Confirm with . or Enter, or press ? or * to list all spells.
Aiming: Stone Arrow (dangerous; 3% risk of failure)
Press: ? - help, Shift-Dir - straight line, f/p - two-headed ogre
Aim: a two-headed ogre, wielding two +0 giant spiked clubs (severely wounded, 86% to hit)
The stone arrow hits the two-headed ogre!
The two-headed ogre is almost dead.
The two-headed ogre hits you with a +0 giant spiked club!!
Ouch! That really hurt!
You die...

#.!#.#
#..#.#
###
.........
###
#....#.#
#<#
#...#..#
#....#
.....
#....#
#..#
#....#
#@.#
#.....
#O.#
#....#
#..#
#.....
#..#
#....#
...# ...#
#..# #$.#


You could see a two-headed ogre.

Vanquished Creatures
  Duvessa (D:6)
  A water moccasin (D:6)
  An ice beast (D:7)
  An ogre (D:6)
  Blork the orc (D:6)
  3 bullfrogs
  2 scorpions
  Dowan (D:6)
  A howler monkey (D:6)
  A crimson imp (D:5)
  4 jellies
  4 iguanas
  4 hounds
  2 orc priests
  A sleepcap (D:4)
  4 orc wizards
  3 adders
  A shadow imp (D:5)
  An ufetubus (D:7)
  A worm (D:4)
  A dart slug (D:4)
  12 orcs
  2 endoplasms (D:1)
  6 giant cockroaches
  3 hobgoblins
  2 jackals (D:1)
  9 kobolds
  2 quokkas (D:1)
  6 ball pythons
  4 bats
  6 goblins
  A rat (D:3)
92 creatures vanquished.

Vanquished Creatures (others)
  A human (D:3)
1 creature vanquished.

Grand Total: 93 creatures vanquished

Notes
Turn   | Place    | Note
-------+----------+-------------------------------------------
     0 | D:1      | Chodeload the Deep Elf Wanderer began the quest for the
                  | Orb.
     0 | D:1      | Chodeload set off with the following items: a +0 sling, a
                  | +0 helmet, a scroll of fog, a +0 robe; and the following
                  | spell memorised: Freeze; and the following spells available
                  | to memorise: Hailstorm, Summon Ice Beast.
     0 | D:1      | Reached XP level 1. HP: 10/10 MP: 5/5
   279 | D:1      | Found a faded altar of an unknown god.
   286 | D:1      | Reached XP level 2. HP: 15/15 MP: 7/7
   972 | D:2      | You fall into a shaft and drop 2 floors!
  1029 | D:3      | Reached XP level 3. HP: 19/19 MP: 9/9
  1033 | D:3      | Learned a level 3 spell: Hailstorm
  1175 | D:2      | Reached skill level 1 in Conjurations
  1243 | D:2      | Found a hide-covered altar of Uskayaw.
  1440 | D:3      | Found a sparkling altar of Nemelex Xobeh.
  1472 | D:3      | Found an ancient bone altar of Kikubaaqudgha.
  1473 | D:3      | Noticed a human
  1477 | D:3      | Killed a human
  1564 | D:3      | Found a hide-covered altar of Uskayaw.
  1617 | D:3      | Noticed a bullfrog
  1857 | D:4      | Reached XP level 4. HP: 24/24 MP: 3/10
  2147 | D:4      | Noticed a scorpion
  2186 | D:4      | Killed a scorpion
  2187 | D:4      | Reached XP level 5. HP: 23/28 MP: 7/12
  2451 | D:3      | Reached XP level 6. HP: 21/32 MP: 4/15
  2509 | D:5      | Entered Level 5 of the Dungeon
  2623 | D:5      | Reached skill level 5 in Spellcasting
  2623 | D:5      | Reached skill level 5 in Conjurations
  3036 | D:5      | Reached skill level 1 in Dodging
  3445 | D:5      | Found a burning altar of Makhleb.
  3448 | D:5      | Reached XP level 7. HP: 36/36 MP: 9/16
  3534 | D:6      | Noticed a kobold demonologist
  3572 | D:6      | Reached skill level 1 in Earth Magic
  3954 | D:6      | Noticed Dowan
  3966 | D:6      | Learned a level 3 spell: Stone Arrow
  3990 | D:6      | Noticed Blork the orc
  4079 | D:7      | Noticed Pikel
  4079 | D:7      | Noticed a steam dragon
  4136 | D:6      | Killed Blork the orc
  4218 | D:6      | Found a staircase to the Ecumenical Temple.
  4223 | Temple   | Entered the Ecumenical Temple
  4240 | Temple   | Became a worshipper of Vehumet
  4311 | D:6      | Found an iron altar of Okawaru.
  4438 | D:6      | Reached XP level 8. HP: 41/41 MP: 15/19
  4439 | D:6      | Reached skill level 5 in Earth Magic
  4454 | D:6      | Noticed Duvessa
  4487 | D:6      | Killed Duvessa
  4606 | D:6      | Killed Dowan
  4690 | D:7      | Reached skill level 1 in Fighting
  4690 | D:7      | Reached skill level 1 in Translocations
  4746 | D:7      | Found an ornate altar of the Wu Jian Council.
  4837 | D:7      | Noticed a troll
  4864 | D:7      | Reached * piety under Vehumet
  4864 | D:7      | Offered knowledge of Magic Dart by Vehumet.
  4945 | D:8      | Noticed a two-headed ogre
  4950 | D:8      | Slain by a two-headed ogre

Illustrated notes

Levels and vault maps discovered:
D:1:      lightli_arrival_isolated_outpost, layout_basic,
          chequers_ecumenical_altar_island
D:2:      layout_rooms, basic_altar
D:3:      layout_rooms, nicolae_uskayaw_dance_hall, tgw_kikubaaqudgha,
          lemuel_coloured_pillars_altar, nicolae_elevator_lobby_plus
D:4:      layout_basic, hex_large, serial_park_tiny_1, st_stairs_13,
          kennysheep_generic_room_9
D:5:      layout_basic, makhleb_grotto_becter, kennysheep_generic_room_3
D:6:      layout_rooms, okawaru_gym_becter, temple_doors_e, serial_rivers,
          chequers_serial_rivers_micro_a, chequers_serial_rivers_micro_c,
          chequers_serial_rivers_micro_c, chequers_serial_rivers_large_b,
          abandoned_shop, uniq_duvessa, uniq_blork_the_orc
D:7:      layout_basic, nzn_wu_jian_contemplation, minmay_misc_feat_room,
          uniq_pikel
D:8:      layout_basic, kennysheep_mini, grunt_livestock
Temple:   zaba_magenta_temple

Skill      XL: |  1  2  3  4  5  6  7  8 |
---------------+-------------------------+-----
Spellcasting   | 2 3 4 5 6 |  6.0
Ice Magic      | 6 |  6.0
Conjurations   | 3 4 6 |  6.0
Dodging        | 2 3 |  3.0
Earth Magic    | 4 6 |  6.0
Fighting       | 2 |  2.2
Translocations | 3 |  3.0
Ranged Weapons | |  2.6
Stealth        | |  2.4

Action                     |  1- 3 |  4- 6 |  7- 9 || total
---------------------------+-------+-------+-------++-------
  Melee: Dagger            |     8 |     5 |    19 ||    32
   Fire: Sling             |    85 |    30 |    10 ||   125
  Throw: Dart              |       |     8 |    16 ||    24
   Cast: Freeze            |    17 |    33 |    30 ||    80
         Hailstorm         |     1 |    15 |    16 ||    32
         Stone Arrow       |       |       |    20 ||    20
    Use: Scroll            |     1 |     3 |       ||     4
         Potion            |       |       |     1 ||     1
 Armour: Robe              |    13 |     7 |    18 ||    38
  Dodge: Dodged            |    24 |    16 |    43 ||    83

Table legend: (Time is in decaauts)
 A = Elapsed time spent in this place.
 B = Non-inter-level travel time spent in this place.
 C = Inter-level travel time spent in this place.
 D = Time resting spent in this place.
 E = Time spent auto-exploring this place.
 F = Levels seen in this place.
 G = Mean time per level.
                   A        B        C        D        E       F      G
               +--------+--------+--------+--------+--------+-----+--------+
         Total |   5046 |   4385 |    661 |    371 |   1234 |   9 |  560.7 |
       Dungeon |   5011 |   4366 |    645 |    371 |   1227 |   8 |  626.4 |
        Temple |     34 |     18 |     16 |      0 |      7 |   1 |   34.0 |
               +--------+--------+--------+--------+--------+-----+--------+

Top non-repeatable levels by time:
     D:5: 1178 daAuts
     D:6: 1000 daAuts
     D:1: 896 daAuts
     D:4: 725 daAuts
     D:3: 553 daAuts
     D:2: 373 daAuts
     D:7: 277 daAuts
  Temple: 34 daAuts
     D:8: 6 daAuts
